Map: Ruins of Seras

Players

capac - Winner!

  • Race: Terran Terran
  • League: Gold

A.I. 1 (Elite)

  • Race: Protoss Protoss

VOD

Have the link to the VOD?

Description

Time

  • Played on: March 16, 2016, 3:32 p.m.
  • Length: 9:47
Show
View Real Time Build Order
Export as new Build Order

capac Terran - Winner!

Build Orders: MMM Bio 

Get SALT Encoding   

  12  0:01  SCV  
  13  0:13  SCV  
  14  0:18  Supply Depot  
  14  0:25  SCV  
  15  0:40  SCV  
  15  0:42  Barracks  
  16  0:48  Refinery  
  16  0:52  SCV  
  17  1:04  SCV  
  18  1:16  SCV  
  19  1:28  SCV  
  19  1:32  Barracks Reactor  
  20  1:37  Command Center  
  20  1:40  SCV  
  21  1:47  Supply Depot  
  21  1:55  Orbital Command  
  21  2:08  Marine  
  21  2:09  Marine  
  21  2:13  Barracks  
  23  2:21  SCV  
  24  2:29  Factory  
  24  2:31  Marine x2  
  24  2:35  SCV  
  27  2:47  SCV  
  27  2:49  Marine x2  
  30  2:52  Orbital Command  
  30  2:57  Refinery  
  30  3:00  SCV  
  30  3:02  Barracks Reactor  
  30  3:03  Barracks Tech Lab  
  31  3:12  SCV  
  32  3:14  Marine x2  
  32  3:17  Factory Tech Lab  
  34  3:20  Starport  
  34  3:25  SCV x2  
  36  3:31  Supply Depot  
  36  3:40  Siege Tank  
  39  3:47  SCV x2  
  39  3:48  Marine x2  
  43  3:50  Marine  
  44  3:56  Supply Depot  
  44  4:01  Medivac  
  46  4:06  SCV x2  
  48  4:18  SCV  
  48  4:20  Stimpack  
  48  4:23  SCV  
  50  4:24  Marine x3  
  53  4:32  Refinery x2  
  53  4:35  Medivac  
  55  4:40  SCV  
  55  4:41  SCV  
  55  4:42  Marine x2  
  55  4:45  Supply Depot  
  59  4:54  SCV x2  
  59  4:55  Marine  
  59  4:58  Siege Tank  
  65  5:00  Marine  
  66  5:13  Marine x2, SCV x2  
  70  5:16  Starport Reactor  
  70  5:17  Marine  
  71  5:21  Supply Depot  
  71  5:24  Engineering Bay  
  71  5:25  SCV  
  71  5:26  Engineering Bay, SCV  
  73  5:31  Siege Tank  
  73  5:32  Marine x2  
  78  5:42  Barracks  
  78  5:43  SCV x2  
  78  5:44  Supply Depot  
  78  5:49  Supply Depot  
  80  5:50  Marine  
  80  5:51  Marine x2  
  80  5:55  SCV x2  
  85  6:05  Medivac x2  
  85  6:08  Supply Depot  
  85  6:11  Terran Infantry Weapons Level 1, Terran Infantry Armor Level 1  
  89  6:16  SCV x2  
  91  6:29  SCV, Combat Shields  
  91  6:30  Supply Depot  
  91  6:31  Siege Tank  
  95  6:34  Barracks Reactor  
  95  6:36  Barracks  
  95  6:43  Barracks  
  95  6:46  Marine x3  
  98  6:49  Armory, Medivac x2  
  102  7:05  Liberator  
  102  7:13  Marine  
  102  7:14  Marine x4  
  107  7:15  SCV  
  107  7:16  SCV, Command Center  
  116  7:31  Marine  
  116  7:33  Marine  
  116  7:34  Marine  
  116  7:35  Barracks Reactor x2  
  118  7:44  Supply Depot  
  118  7:46  Supply Depot  
  118  7:47  Siege Tank  
  121  7:56  Marine  
  121  7:57  Marine x3  
  125  7:58  Marine  
  123  8:14  Marine x5  
  123  8:15  Marine x3  
  123  8:17  Marine  
  132  8:21  Supply Depot x2  
  132  8:32  Marine  
  112  9:16  Marine  
  112  9:17  Marine x7  
  112  9:18  Marine  
Show
View Real Time Build Order
Export as new Build Order

A.I. 1 (Elite) Protoss 

Build Orders: Zealot Archon 

Get SALT Encoding   

  12  0:01  Probe (Chrono Boost)  
  13  0:11  Probe (Chrono Boost)  
  14  0:21  Pylon  
  14  0:22  Probe (Chrono Boost)  
  15  0:39  Probe (Chrono Boost)  
  16  0:48  Assimilator  
  16  0:50  Probe (Chrono Boost)  
  16  0:52  Gateway  
  17  1:00  Pylon  
  17  1:01  Probe (Chrono Boost)  
  19  1:11  Probe (Chrono Boost)  
  19  1:22  Probe (Chrono Boost)  
  21  1:33  Probe (Chrono Boost)  
  21  1:36  Zealot  
  23  1:43  Cybernetics Core  
  23  1:44  Probe (Chrono Boost)  
  24  1:55  Probe (Chrono Boost)  
  25  2:04  Nexus  
  25  2:17  Gateway  
  25  2:24  Pylon  
  25  2:27  Zealot  
  25  2:29  Warp Gate  
  27  2:33  Probe (Chrono Boost)  
  28  2:44  Probe (Chrono Boost), Assimilator  
  29  2:52  Adept  
  29  2:56  Probe (Chrono Boost)  
  32  3:03  Adept  
  34  3:08  Probe (Chrono Boost)  
  34  3:09  Pylon  
  35  3:18  Stalker  
  35  3:19  Probe (Chrono Boost)  
  38  3:23  Probe (Chrono Boost)  
  39  3:30  Probe (Chrono Boost)  
  41  3:34  Probe (Chrono Boost)  
  41  3:41  Probe (Chrono Boost)  
  42  3:43  Robotics Facility  
  42  3:45  Adept  
  44  3:51  Probe (Chrono Boost)  
  44  3:53  Probe (Chrono Boost)  
  44  3:55  Adept  
  46  4:02  Probe (Chrono Boost)  
  49  4:04  Probe (Chrono Boost)  
  50  4:11  Adept  
  50  4:13  Probe (Chrono Boost)  
  50  4:15  Pylon  
  50  4:16  Probe (Chrono Boost)  
  55  4:24  Probe (Chrono Boost)  
  55  4:27  Probe (Chrono Boost)  
  55  4:30  Immortal  
  60  4:31  Stalker  
  60  4:38  Probe (Chrono Boost)  
  63  4:40  Probe (Chrono Boost), Pylon  
  64  4:46  Stalker  
  64  4:49  Probe (Chrono Boost)  
  64  4:51  Probe (Chrono Boost)  
  68  4:55  Robotics Facility  
  68  4:57  Stalker  
  70  5:05  Immortal  
  70  5:08  Probe (Chrono Boost)  
  70  5:11  Probe (Chrono Boost)  
  76  5:16  Pylon  
  76  5:19  Pylon  
  76  5:22  Sentry  
  76  5:24  Twilight Council  
  78  5:36  Probe (Chrono Boost), Assimilator  
  78  5:40  Assimilator  
  79  5:49  Gateway  
  79  5:54  Zealot  
  79  5:56  Pylon  
  81  5:59  Probe x2 (Chrono Boost)  
  81  6:02  Templar Archives  
  83  6:09  Probe (Chrono Boost)  
  83  6:10  Probe (Chrono Boost)  
  85  6:20  Probe (Chrono Boost)  
  85  6:23  Forge  
  86  6:26  Forge  
  86  6:29  Nexus  
  86  6:31  Stalker  
  88  6:33  Pylon  
  88  6:35  Stalker  
  90  6:43  High Templar  
  92  6:51  Sentry  
  92  6:53  Protoss Ground Weapons Level 1  
  94  6:56  High Templar  
  94  6:57  Pylon  
  94  6:58  Pylon  
  94  7:00  Gateway  
  96  7:08  Observer  
  96  7:12  Stalker x2  
  96  7:13  Archon  
  101  7:20  Photon Cannon  
  101  7:23  Pylon  
  101  7:25  High Templar  
  103  7:34  Zealot  
  105  7:38  Warp Prism  
  105  7:39  High Templar  
  105  7:43  Probe x2 (Chrono Boost)  
  112  7:44  Probe (Chrono Boost)  
  112  7:50  Protoss Ground Armor Level 1  
  112  7:52  Assimilator  
  112  7:53  Photon Cannon  
  112  7:55  Probe x3 (Chrono Boost)  
  112  7:56  Archon, Stalker, Photon Cannon  
  112  7:58  Assimilator  
  117  8:01  Pylon  
  118  8:06  Probe (Chrono Boost), High Templar  
  118  8:07  Probe x2 (Chrono Boost)  
  122  8:18  Probe x2 (Chrono Boost)  
  122  8:19  Probe (Chrono Boost)  
  125  8:20  High Templar  
  125  8:23  Photon Cannon  
  125  8:24  Stalker  
  125  8:26  Pylon  
  129  8:27  Stalker  
  129  8:29  Probe (Chrono Boost)  
  129  8:30  Probe x2 (Chrono Boost)  
  121  8:36  Zealot  
  91  8:41  Probe x2 (Chrono Boost)  
  91  8:42  Probe (Chrono Boost)  
  91  8:46  High Templar  
  69  8:49  Zealot  
  69  8:51  Sentry  
  69  8:53  Probe (Chrono Boost)  
  69  8:55  Probe (Chrono Boost), High Templar  
  59  8:57  Nexus  
  61  9:09  Stalker  
  46  9:13  Zealot  
  46  9:16  Zealot  
  32  9:35  High Templar  
Tags
 
Add a new tag
Caveats
  • Supply blocks, unpowered buildings, or Contaminate may cause inaccurate times.
  • Supply counts are checked every 10 seconds.